 Dungeon Crawl Stone Soup version 0.18.1-8-gdd0e5ea (webtiles) character file.

994 Loading the Grappler (level 8, -1/69 HPs)
             Began as a Ghoul Monk on May 29, 2016.
             Was a Believer of Makhleb.
             Killed from afar by a gnoll sergeant (22 damage)
             ... with a wand of lightning
             ... on level 6 of the Dungeon.
             The game lasted 00:12:35 (4986 turns).

Loading the Grappler (Ghoul Monk)                   Turns: 4986, Time: 00:12:36

Health: -1/69      AC: 11    Str: 19    XL:     8   Next: 19%
Magic:  7/7        EV:  6    Int:  5    God:    Makhleb [**....]
Gold:   267        SH:  0    Dex: 13    Spells: 0 memorised, 7 levels left

rFire  . . .     SeeInvis .       - Unarmed
rCold  + . .     Gourm    .     r - +0 plate armour
rNeg   + + +     Faith    .     (no shield)
rPois  ∞         Spirit   .     (no helmet)
rElec  .         Dismiss  .     (no cloak)
rCorr  .         Reflect  .     (no gloves)
SustAt .         Harm     .     (no boots)
MR     .....                    (no amulet)
Stlth  ..........               (no ring)
                                m - +4 ring of strength

@: rotting, not resistant to hostile enchantments, extremely unstealthy
A: rotting body, claws 1, carnivore 3, cold resistance 1, negative energy
resistance 3, slow regeneration 1, torment resistance, unbreathing
a: Minor Destruction, Renounce Religion


You were on level 6 of the Dungeon.
You worshipped Makhleb.
Makhleb was pleased with you.
You were not hungry.

You visited 2 branches of the dungeon, and saw 8 of its levels.

You collected 267 gold pieces.

Inventory:

Armour
 f - a +0 scale mail
 h - an ice dragon hide
 r - a +0 plate armour (worn)
Jewellery
 m - a +4 ring of strength (left claw)
Scrolls
 a - a scroll of remove curse
 i - 3 scrolls of recharging
 s - 2 scrolls of identify
 u - a scroll of fog
Potions
 c - 2 potions of invisibility
 d - a potion of berserk rage
 e - a potion of cancellation
 g - a potion of lignification {unknown}
 k - a potion of heal wounds
 o - a potion of brilliance
 p - a potion of magic {unknown}
 q - a potion of curing
 t - a potion of beneficial mutation {unknown}
 v - a potion of mutation {unknown}
Comestibles
 b - 6 meat rations
 j - 5 chunks of flesh
 l - 2 royal jellies
 n - a beef jerky


   Skills:
 + Level 5.4 Fighting
 + Level 2.8 Armour
 - Level 3.3 Dodging
 + Level 5.1 Stealth
 * Level 8.0 Unarmed Combat


You had 7 spell levels left.
You didn't know any spells.

Dungeon Overview and Level Annotations

Branches:
Dungeon (7/15)             Temple (1/1) D:6

Altars:
Ashenzari
Cheibriados
Dithmenos
Elyvilon
Fedhas
Gozag
Kikubaaqudgha
Makhleb
Nemelex Xobeh
Okawaru
Pakellas
Qazlal
Ru
Sif Muna
Trog
Vehumet
Xom
Yredelemnul
Zin
The Shining One


Innate Abilities, Weirdness & Mutations

Your body is rotting away.
You thrive on raw meat.
You are immune to poison.
You have sharp fingernails.
You are carnivorous and can eat meat at any time.
Your flesh is cold resistant.
You are immune to negative energy.
You regenerate slowly when monsters are visible.
You are immune to unholy pain and torment.
You can survive without breathing.


Message History

a hand axe of venom; a plate armour Eat one of 6 chunks of flesh? (ye/n/q/i?) This raw flesh tastes great!
You continue eating. x2
Put on which piece of jewellery? (? for menu, Esc to quit)
Okay, then.
Things that are here:
a dagger of venom; a robe; an orc skeleton You found an alarm trap!
s - 2 scrolls of identify (gained 1)
The gnoll sergeant zaps a wand.
The bolt of lightning hits you!
It is a wand of lightning.
The gnoll shouts! x2
The worker ant twitches its antennae in your direction.
The gnoll sergeant zaps a wand.
The bolt of lightning hits you!
The gnoll sergeant hits you but does no damage.
The gnoll sergeant hits you with a spear.
You barely miss the gnoll sergeant.
The gnoll sergeant zaps a wand.
The bolt of lightning hits you!
You die...

.....# ##.## ####.#
#...# .###.# #...#
.....# #...# #####.##.
..##.###...####........
................##..g..
.................ga....
.###...........g#####..#
####.#.<.....##.@gg.....
.....#.#...#.#####.#....
######.#...#.# .. . .
#.#...#.# ## # #.##.##.#
# #. .....# # ## .... #
.## ## #


You could see a gnoll sergeant and 2 gnolls.

Vanquished Creatures
  An orc warrior (D:6)
  A phantom (D:4)
  An ogre (D:4)
  A centaur (D:6)
  A scorpion (D:4)
  2 crimson imps (D:5)
  2 orc priests
  Jessica (D:3)
  Natasha (thrice) (D:3)
  3 orc wizards (D:6)
  A worker ant (D:3)
  A hound skeleton (D:6)
  A worker ant zombie (D:6)
  A gnoll (D:5)
  11 adders
  A worm (D:4)
  4 dart slugs
  A giant gecko (D:5)
  19 orcs
  2 ball pythons
  12 bats
  4 giant cockroaches
  9 hobgoblins
  9 jackals
  11 kobolds
  3 quokkas
  A ball python skeleton (D:5)
  4 giant newts
  14 goblins
  A jackal skeleton (D:4)
  A quokka skeleton (D:4)
  4 rats
131 creatures vanquished.

Notes
Turn   | Place    | Note
--------------------------------------------------------------
     0 | D:1      | Loading the Ghoul Monk began the quest for the Orb.
     0 | D:1      | Reached XP level 1. HP: 19/19 MP: 0/0
    52 | D:1      | Reached XP level 2. HP: 12/26 MP: 1/1
   385 | D:1      | Reached skill level 5 in Unarmed Combat
   637 | D:1      | Reached XP level 3. HP: 31/31 MP: 2/2
   729 | D:2      | Found a shattered altar of Ashenzari.
   814 | D:2      | Found an opulent altar of Gozag.
   819 | D:2      | Found a snail-covered altar of Cheibriados.
   819 | D:2      | Found a shadowy altar of Dithmenos.
   904 | D:2      | Found a sparkling altar of Nemelex Xobeh.
   924 | D:2      | Found a blossoming altar of Fedhas.
  1401 | D:2      | Reached XP level 4. HP: 25/38 MP: 3/3
  1890 | D:3      | Noticed Jessica
  1899 | D:3      | Killed Jessica
  1899 | D:3      | Reached XP level 5. HP: 46/46 MP: 4/4
  1995 | D:3      | Noticed Natasha
  2002 | D:3      | Killed Natasha
  2009 | D:3      | Reached skill level 6 in Unarmed Combat
  2186 | D:3      | Noticed Natasha
  2196 | D:3      | Killed Natasha
  2196 | D:3      | Reached skill level 1 in Armour
  2196 | D:3      | Reached XP level 6. HP: 34/52 MP: 5/5
  2514 | D:3      | Noticed Natasha
  2522 | D:3      | Killed Natasha
  2657 | D:4      | Found a basalt altar of Yredelemnul.
  2972 | D:4      | Noticed a phantom
  2996 | D:4      | Killed a phantom
  2996 | D:4      | Reached XP level 7. HP: 33/60 MP: 6/6
  3274 | D:4      | Reached skill level 7 in Unarmed Combat
  3344 | D:4      | Found a glowing golden altar of the Shining One.
  3346 | D:4      | Noticed an angel
  3472 | D:5      | Entered Level 5 of the Dungeon
  3587 | D:5      | Found a shimmering altar of Xom.
  3646 | D:5      | Reached skill level 5 in Fighting
  4248 | D:6      | You fall through a shaft!
  4610 | D:6      | Found a staircase to the Ecumenical Temple.
  4614 | D:6      | Reached XP level 8. HP: 68/68 MP: 7/7
  4631 | Temple   | Entered the Ecumenical Temple
  4823 | Temple   | Became a worshipper of Makhleb the Destroyer
  4823 | Temple   | Reached * piety under Makhleb
  4823 | Temple   | Reached ** piety under Makhleb
  4886 | D:6      | Reached skill level 5 in Stealth
  4895 | D:6      | Reached skill level 8 in Unarmed Combat
  4986 | D:6      | Killed from afar by a gnoll sergeant

Skill      XL: |  1  2  3  4  5  6  7  8 |
---------------+-------------------------+-----
Unarmed Combat | 5 6 7 8 |  8.0
Dodging        | 3 |  3.3
Stealth        | 3 4 5 |  5.1
Fighting       | 4 5 |  5.4
Armour         | 1 2 |  2.8

Action                   |  1- 3 |  4- 6 |  7- 9 || total
-------------------------+-------+-------+-------++-------
Melee: Unarmed           |   110 |   211 |   130 ||   451
       Punch             |     1 |     3 |     5 ||     9
  Use: Scroll            |     3 |     5 |     3 ||    11
       Potion            |       |       |     1 ||     1
 Stab: Sleeping          |     5 |     2 |       ||     7
       Distracted        |     1 |       |       ||     1
  Eat: Chunk             |    16 |    28 |    14 ||    58
Armor: Robe              |    17 |    17 |       ||    34
       Scale mail        |       |    35 |     9 ||    44
       Plate armour      |       |       |    79 ||    79
Dodge: Dodged            |    55 |   141 |    37 ||   233
